 Dungeon Crawl Stone Soup version 0.30-a0-141-g30f27751c5 (webtiles) character file.

Game seed: 2049390360196889218

207 Belterius the Covered (level 5, -5/47 HPs)
             Began as a Minotaur Fighter on Sept 25, 2022.
             Killed from afar by Ijyb (18 damage)
             ... with a bolt of acid
             ... on level 3 of the Dungeon.
             The game lasted 00:01:51 (3082 turns).

Belterius the Covered (Minotaur Fighter)            Turns: 3082, Time: 00:01:52

Health: -5/47      AC:  3    Str: 22    XL:     5   Next: 54%
Magic:  4/4        EV:  9    Int:  5    God:
Gold:   163        SH:  4    Dex: 10    Spells: 4/4 levels left

rFire   . . .      SeeInvis .    a - +0 war axe
rCold   . . .      Faith    .    c - +0 buckler
rNeg    . . .      Spirit   .    b - +0 scale mail
rPois   .          Reflect  .    (helmet restricted)
rElec   .          Harm     .    (no cloak)
rCorr   .          Rampage  .    (no gloves)
Will    .....                    (no boots)
Stlth   ..........               (no amulet)
HPRegen 0.15/turn                (no ring)
MPRegen 0.09/turn                (no ring)

@: mighty, corroded
A: horns 2, retaliatory headbutt
a: no special abilities


You were on level 3 of the Dungeon.
You visited 1 branch of the dungeon, and saw 3 of its levels.

You collected 163 gold pieces.

Inventory:

Hand Weapons
 a - a +0 war axe (weapon)
Armour
 b - a +0 scale mail (worn)
 c - a +0 buckler (worn)
Jewellery
 k - a ring of magical power
 m - a ring of positive energy
Scrolls
 e - 3 scrolls of enchant weapon {unknown}
 f - a scroll of vulnerability {unknown}
 g - 3 scrolls of identify {unknown}
 h - 2 scrolls of blinking {unknown}
 j - a scroll of teleportation {unknown}
 o - a scroll of poison {unknown}
 p - a scroll of fog {unknown}
Potions
 d - a potion of might
 i - a potion of mutation {unknown}
 l - a potion of resistance {unknown}
 n - 2 potions of curing {unknown}


   Skills:
 + Level 4.9 Fighting
 + Level 4.1 Axes
 + Level 4.9 Armour
 + Level 4.9 Shields


You had 4 spell levels left.
You didn't know any spells.
Your spell library contained the following spells:

 Spells                   Type           Power      Damage    Failure   Level
 Sublimation of Blood     Necr           0%         N/A       95%         2
 Petrify                  Tmut/Erth      0%         N/A       100%        4
 Irradiate                Conj/Tmut      0%         3d11      100%        5
 Chain Lightning          Conj/Air       0%         N/A       100%        9
 Fire Storm               Conj/Fire      0%         5d1       100%        9
 Shatter                  Erth           0%         3d5*      100%        9


Dungeon Overview and Level Annotations

Branches:
Dungeon (3/15)

Altars:
Gozag

Annotations:
D:3 Ijyb


Innate Abilities, Weirdness & Mutations

You have a pair of horns on your head.
You reflexively headbutt those who attack you in melee.


Message History

Ijyb hits you but does no damage.
The goblin shoots a sling bullet.
You block the sling bullet. Ijyb hits you but does no damage.
A goblin comes into view. It is wielding a +0 club.
There are monsters nearby!
There are monsters nearby!
You closely miss Ijyb.
Ijyb is lightly wounded.
The goblin shoots a sling bullet.
The sling bullet hits you but does no damage.
Ijyb screams, "You nasty!
Big nasty!"
Ijyb hits you with a +0 dagger.
There are monsters nearby!
You hit Ijyb. Your headbutt misses Ijyb.
Ijyb is lightly wounded.
The goblin shoots a sling bullet.
You block the sling bullet. Ijyb hits you but does no damage.
There are monsters nearby!
You closely miss Ijyb.
Ijyb is lightly wounded.
A goblin comes into view. It is wielding a +0 sling.
Ijyb zaps a wand.
The bolt of acid hits you! The acid corrodes you!
The goblin hits you but does no damage.
Ijyb zaps a wand.
The bolt of acid hits you!
You are too injured to fight recklessly!
There are monsters nearby!
You are too injured to fight recklessly!
There are monsters nearby!
There are monsters nearby!
You are too injured to fight recklessly!
There are monsters nearby!
You feel very mighty all of a sudden. Ijyb hits you with a +0 dagger.
* * * LOW HITPOINT WARNING * * *
The goblin attacks as you move away!
The goblin unwields a +0 sling.
The goblin wields a +0 dagger.
You block the goblin's attack. The goblin hits you with a +0 dagger.
* * * LOW HITPOINT WARNING * * *
The goblin attacks as you move away! The goblin hits you but does no damage.
Ijyb zaps a wand.
The bolt of acid hits you!!
You die...

.†..# ..# .........
#...# .g.# .......
....# ≈..# #.....#
....#≈≈..# #.....#
.....≈≈..# #.....#
...##≈≈..# ..#..ggg#
#.## ≈≈..##'##..gg.#
#.# ≈...g..#.....# #'##
≈≈.....#..@..# .# ...##
≈≈≈≈≈≈#.)...# ≈≈#
....## ≈≈≈≈≈##'''##≈≈≈#
.....## ##≈≈≈≈...≈≈≈≈#
......####...≈≈...≈≈###
......'.......!...###
.<....####...######
.....## ###.#######
....## #.........#


You could see Ijyb and 4 goblins.

Vanquished Creatures
  Natasha (thrice) (D:3)
  3 gnolls (D:3)
  4 adders
  3 worms (D:2)
  3 dart slugs
  3 orcs (D:3)
  3 bats
  2 endoplasms
  8 goblins
  5 hobgoblins
  3 jackals (D:3)
  5 kobolds
  3 quokkas
  4 ball pythons
  3 frilled lizards
  A rat (D:3)
56 creatures vanquished.

Notes
Turn   | Place    | Note
-------+----------+-------------------------------------------
     0 | D:1      | Belterius the Minotaur Fighter began the quest for the Orb.
     0 | D:1      | Reached XP level 1. HP: 19/19 MP: 0/0
   289 | D:1      | Reached XP level 2. HP: 27/27 MP: 1/1
   507 | D:1      | Found a faded altar of an unknown god.
   798 | D:2      | Found an opulent altar of Gozag.
   971 | D:2      | Reached XP level 3. HP: 27/33 MP: 2/2
  1932 | D:3      | Reached XP level 4. HP: 34/40 MP: 3/3
  2191 | D:3      | Noticed Natasha
  2197 | D:3      | Killed Natasha
  2386 | D:3      | Noticed Natasha
  2391 | D:3      | Killed Natasha
  2570 | D:3      | Reached XP level 5. HP: 46/47 MP: 4/4
  3026 | D:3      | Noticed Natasha
  3032 | D:3      | Killed Natasha
  3070 | D:3      | Noticed Ijyb
  3082 | D:3      | Killed from afar by Ijyb

Illustrated notes

Levels and vault maps discovered:
D:1:      giann_horns, layout_basic, hellmonk_ecumenical_altar_run_dry,
          minmay_misc_feat_encased
D:2:      layout_basic, basic_altar
D:3:      kennysheep_goblin_castle, layout_loops_corners, minivault_27,
          uniq_natasha

Skill      XL: |  1  2  3  4  5 |
---------------+----------------+-----
Armour         | 4 |  4.9
Shields        | 4 |  4.9
Fighting       | 4 |  4.9
Axes           | 3 4 |  4.1

Action                   |  1- 3 |  4- 6 || total
-------------------------+-------+-------++-------
Melee: War axe           |    70 |    59 ||   129
       Headbutt          |     8 |     9 ||    17
  Use: Potion            |       |     1 ||     1
Armor: Scale mail        |    31 |    27 ||    58
Dodge: Dodged            |    35 |    27 ||    62
Block: Buckler           |    14 |    19 ||    33

Table legend: (Time is in decaauts)
 A = Elapsed time spent in this place.
 B = Non-inter-level travel time spent in this place.
 C = Inter-level travel time spent in this place.
 D = Time resting spent in this place.
 E = Time spent auto-exploring this place.
 F = Levels seen in this place.
 G = Mean time per level.
                   A        B        C        D        E       F      G
               +--------+--------+--------+--------+--------+-----+--------+
         Total |   3147 |   3106 |     41 |      0 |   2741 |   3 | 1049.0 |
       Dungeon |   3147 |   3106 |     41 |      0 |   2741 |   3 | 1049.0 |
               +--------+--------+--------+--------+--------+-----+--------+

Top non-repeatable levels by time:
     D:3: 1349 daAuts
     D:2: 1052 daAuts
     D:1: 745 daAuts
